 Dungeon Crawl Stone Soup version 0.31-a0-4-gefa6de2278 (webtiles) character file.

Game seed: 6452019892624726880

1981 a3don the Frost Mage (level 9, -6/58 (62) HPs)
             Began as a Grey Draconian Ice Elementalist on May 4, 2023.
             Was an Initiate of Gozag.
             Mangled by an ice beast (10 damage)
             ... on level 7 of the Dungeon.
             The game lasted 00:15:07 (6084 turns).

a3don the Frost Mage (DrIE)                         Turns: 6084, Time: 00:15:08

HP:   -6/58 (62)    AC: 21    Str: 11    XL:     9   Next: 1%
MP:   23/29         EV: 12    Int: 19    God:    Gozag
Gold: 544           SH:  0    Dex: 12    Spells: 16/23 levels left

rFire   . . .        B - +0 dagger (flame)
rCold   . . .        (no shield)
rNeg    . . .        (body armour unavailable)
rPois   +            (helmet restricted)
rElec   .            t - +0 cloak
rCorr   .            (no gloves)
SInv    .            (no boots)
Will    .....        (no amulet)
Stlth   ++           F - ring of poison resistance
HPRegen 0.29/turn    c - ring of magical power
MPRegen 0.21/turn

%: no passive effects
@: ice-armoured, slowed, drained, very slow
A: AC +12, amphibious, unfitting armour, cold-blooded
a: Renounce Religion, Potion Petition, Call Merchant, Bribe Branch


You were on level 7 of the Dungeon.
You worshipped Gozag.
Gozag was pleased with you.
You visited 2 branches of the dungeon, and saw 8 of its levels.

You collected 596 gold pieces.
You paid 52 gold pieces to Gozag.

Inventory:

Hand Weapons
 b - a +0 club
 d - a +0 dagger
 j - a +0 mace
 x - a +0 hand axe
 B - a +0 dagger of flaming (weapon)
Missiles
 i - 63 stones (quivered)
 s - 15 poisoned darts
Armour
 t - a +0 cloak (worn)
Jewellery
 c - a ring of magical power (right hand)
 f - a ring of wizardry
 z - a ring of positive energy
 F - a ring of poison resistance (left hand)
 J - a ring of protection from cold
Wands
 o - a wand of acid (5)
 r - a wand of iceblast (7)
 y - a wand of mindburst (24)
 C - a wand of polymorph (10)
Scrolls
 e - a scroll of blinking {unknown}
 h - 4 scrolls of identify
 k - a scroll of acquirement {unknown}
 m - 2 scrolls of vulnerability {unknown}
 n - 2 scrolls of teleportation
 u - 2 scrolls of poison {unknown}
 A - a scroll of silence {unknown}
 D - 2 scrolls of fog {unknown}
 E - a scroll of summoning {unknown}
 G - a scroll of amnesia {unknown}
 I - a scroll of fear {unknown}
 K - a scroll of enchant weapon {unknown}
Potions
 a - 3 potions of magic
 g - a potion of brilliance {unknown}
 l - a potion of haste {unknown}
 p - 3 potions of lignification {unknown}
 q - a potion of mutation {unknown}
 v - a potion of flight {unknown}
 w - 3 potions of might


   Skills:
 - Level 1.7 Dodging
 - Level 1.7 Stealth
 + Level 7.9 Spellcasting
 + Level 9.3 Ice Magic


You had 16 spell levels left.
You knew the following spells:

 Your Spells              Type           Power      Damage    Failure   Level
a - Freeze                Ice            100%       1d10      1%          1
b - Frozen Ramparts       Ice            84%        1d13      1%          3
c - Ozocubu's Armour      Ice            42%        N/A       1%          3

Your spell library contained the following spells:

 Spells                   Type           Power      Damage    Failure   Level
 Cigotuvi's Dreadful Rot  Necr/Pois/Air  14%        N/A       14%         2
 Lesser Beckoning         Tloc           14%        N/A       14%         2
 Sublimation of Blood     Necr           7%         N/A       14%         2
 Wereblood                Tmut           7%         N/A       14%         2
 Summon Ice Beast         Ice/Summ       25%        N/A       14%         4
 Gell's Gravitas          Tloc           7%         N/A       28%         3
 Ignite Poison            Fire/Tmut/Pois 7%         N/A       28%         3
 Teleport Other           Tloc           7%         N/A       28%         3
 Freezing Cloud           Conj/Ice/Air   9%         6-21      56%         5
 Summon Hydra             Summ           3%         N/A       100%        7


Dungeon Overview and Level Annotations

Branches:
Dungeon (7/15)             Temple (1/1) D:4

Altars:
Ashenzari
Cheibriados
Dithmenos
Elyvilon
Fedhas
Gozag
Hepliaklqana
Kikubaaqudgha
Makhleb
Nemelex Xobeh
Okawaru
Qazlal
Ru
Sif Muna
Trog
Uskayaw
Vehumet
Wu Jian
Xom
Yredelemnul
Zin
The Shining One


Innate Abilities, Weirdness & Mutations

Your dull iron-grey scales are very hard. (AC +12)
You are amphibious.
You cannot fit into any form of body armour.
You are cold-blooded and may be slowed by cold attacks.


Message History

Your punch misses the ice beast.
The ice beast is heavily wounded.
The ice beast hits you but does no damage.
You closely miss the ice beast.
The ice beast is heavily wounded.
The ice beast hits you. The ice beast freezes you.
You feel yourself slow down.
* * * LOW HITPOINT WARNING * * *
You feel better. The ice beast hits you. The ice beast freezes you.
* * * LOW HITPOINT WARNING * * *
You hit the ice beast.
You melt the ice beast.
You tail-slap the ice beast, but do no damage.
The ice beast is heavily wounded.
You feel yourself speed up.
The ice beast hits you but does no damage. x2
You closely miss the ice beast.
The ice beast is heavily wounded.
The ice beast misses you.
You hit the ice beast but do no damage.
The ice beast is heavily wounded.
The ice beast misses you.
You hit the ice beast but do no damage.
Your tail-slap misses the ice beast.
The ice beast is heavily wounded.
The ice beast hits you.
* * * LOW HITPOINT WARNING * * *
The ice beast freezes you!
* * * LOW HITPOINT WARNING * * *
Casting: Frozen Ramparts (safe; 1% risk of failure)
Confirm with . or Enter, or press ? or * to list all spells.
A film of ice covers your body!
The ice beast hits you but does no damage.
You completely miss the ice beast.
The ice beast is heavily wounded.
The ice beast hits you but does no damage.
You closely miss the ice beast.
The ice beast is heavily wounded.
The ice beast hits you.
* * * LOW HITPOINT WARNING * * *
The ice beast freezes you!
You feel yourself slow down.
You die...
Your body crumbles into a pile of gold.

.###. ...#.
.... ....
...###...# #
#..(.z...#.. $
.# #.........
#..###.......#
##...........#
.$....Y##....##
.......@$.....#
(...........).#
........<...<##
#.#..........#
. ##.......###
#.......##
.........#
.#.......#
......


You could see an ice beast.

Vanquished Creatures
  A water moccasin (D:6)
  3 black bears
  An ogre (D:7)
  2 centaurs
  3 phantoms
  A bullfrog (D:6)
  3 scorpions
  A wight (D:7)
  A howler monkey (D:7)
  3 hounds
  3 orc priests
  A jelly (D:6)
  A gnoll bouda (D:4)
  A sleepcap (D:5)
  7 iguanas
  2 orc wizards
  Robin (D:4)
  7 adders
  11 gnolls
  A shadow imp (D:5)
  A white imp (D:6)
  An ufetubus (D:5)
  A worm (D:2)
  3 dart slugs
  13 orcs
  5 ball pythons
  4 endoplasms
  2 giant cockroaches
  13 goblins
  8 hobgoblins
  4 jackals
  A quokka (D:2)
  2 bats (D:2)
  3 frilled lizards
  6 kobolds
  6 rats
127 creatures vanquished.

Notes
Turn   | Place    | Note
-------+----------+-------------------------------------------
     0 | D:1      | a3don the Draconian Ice Elementalist began the quest for
                  | the Orb.
     0 | D:1      | Reached XP level 1. HP: 14/14 MP: 3/3
   115 | D:1      | Found a faded altar of an unknown god.
   530 | D:1      | Reached XP level 2. HP: 4/20 MP: 0/5
  1337 | D:2      | Reached XP level 3. HP: 26/26 MP: 4/7
  1748 | D:2      | Learned a level 3 spell: Frozen Ramparts
  1752 | D:2      | Learned a level 3 spell: Ozocubu's Armour
  1983 | D:2      | Reached XP level 4. HP: 33/33 MP: 6/8
  2282 | D:3      | Reached skill level 5 in Ice Magic
  2858 | D:3      | Found a sacrificial altar of Ru.
  3170 | D:4      | Found a staircase to the Ecumenical Temple.
  3184 | D:4      | Noticed a phantom
  3303 | D:4      | Killed a phantom
  3304 | D:4      | Reached XP level 5. HP: 31/38 MP: 3/10
  3432 | D:4      | Noticed Robin
  3438 | D:4      | Killed Robin
  3443 | D:4      | Reached XP level 6. HP: 43/45 MP: 0/12
  3551 | D:4      | Reached skill level 6 in Ice Magic
  3787 | D:4      | Reached skill level 5 in Spellcasting
  3888 | Temple   | Entered the Ecumenical Temple
  4074 | Temple   | Became a worshipper of Gozag Ym Sagoz the Greedy
  4156 | D:4      | Your scales start taking on a dull iron-grey colour.
  4156 | D:4      | Reached XP level 7. HP: 50/50 MP: 7/14
  4597 | D:5      | Entered Level 5 of the Dungeon
  4663 | D:5      | Found an ornate altar of the Wu Jian Council.
  4726 | D:5      | Reached skill level 7 in Ice Magic
  4883 | D:5      | Found a hazy altar of Hepliaklqana.
  5155 | D:5      | Reached XP level 8. HP: 44/57 MP: 17/17
  5551 | D:6      | Reached skill level 8 in Ice Magic
  5694 | D:6      | Noticed a boulder beetle
  5699 | D:6      | Reached skill level 9 in Ice Magic
  6055 | D:7      | Reached XP level 9. HP: 33/58 MP: 19/20
  6084 | D:7      | Mangled by an ice beast

Illustrated notes

Levels and vault maps discovered:
D:1:      minmay_arrival_solitary_statue, layout_loops_corners,
          shapermc_ecumenical_altar_ellora, serial_park_tiny_pond,
          minmay_octomino_c4
D:2:      layout_loops_ring
D:3:      layout_loops_cross, mainiacjoe_overflow_small_starburst
D:4:      layout_loops_cross, minmay_temple_entry_glass, minmay_diced_spiral,
          uniq_robin
D:5:      layout_cave_pools, mainiacjoe_overflow_big_doors,
          minmay_misc_feat_plants
D:6:      layout_loops_ring, minmay_manual_maat, uniq_blork_the_orc
D:7:      layout_cave_pools, serial_shops, shop, david_defended_altar_orc
Temple:   nicolae_temple_bog_church

Skill      XL: |  1  2  3  4  5  6  7  8 |
---------------+-------------------------+-----
Spellcasting   | 3 4 5 6 7 |  7.9
Ice Magic      | 5 6 7 9 |  9.3
Dodging        | |  1.7
Stealth        | |  1.7

Action                     |  1- 3 |  4- 6 |  7- 9 || total
---------------------------+-------+-------+-------++-------
  Melee: Dagger            |    39 |    70 |   219 ||   328
         Unarmed           |     7 |       |       ||     7
         Tailslap          |     6 |    15 |    38 ||    59
         Punch             |     1 |     1 |     1 ||     3
         Mace              |       |    44 |       ||    44
  Throw: Stone             |     1 |     1 |     3 ||     5
         Dart              |       |       |     3 ||     3
   Cast: Freeze            |    37 |    12 |       ||    49
         Frozen Ramparts   |     1 |    13 |    27 ||    41
         Ozocubu's Armour  |       |    10 |    13 ||    23
    Use: Potion            |       |     2 |     4 ||     6
         Scroll            |       |       |     3 ||     3
   Stab: Sleeping          |     1 |     3 |       ||     4
         Distracted        |       |       |     2 ||     2
 Armour: Skin              |    26 |    58 |   140 ||   224
  Dodge: Dodged            |    50 |    81 |   137 ||   268

Table legend: (Time is in decaauts)
 A = Elapsed time spent in this place.
 B = Non-inter-level travel time spent in this place.
 C = Inter-level travel time spent in this place.
 D = Time resting spent in this place.
 E = Time spent auto-exploring this place.
 F = Levels seen in this place.
 G = Mean time per level.
                   A        B        C        D        E       F      G
               +--------+--------+--------+--------+--------+-----+--------+
         Total |   6107 |   5897 |    210 |    325 |   4271 |   8 |  763.4 |
       Dungeon |   5904 |   5725 |    179 |    325 |   4136 |   7 |  843.4 |
        Temple |    203 |    173 |     30 |      0 |    135 |   1 |  203.0 |
               +--------+--------+--------+--------+--------+-----+--------+

Top non-repeatable levels by time:
     D:1: 1267 daAuts
     D:4: 1223 daAuts
     D:3: 1099 daAuts
     D:2: 825 daAuts
     D:5: 800 daAuts
     D:6: 581 daAuts
  Temple: 203 daAuts
     D:7: 105 daAuts
